 Dungeon Crawl Stone Soup version 0.16.0-7-ge91f220 (webtiles) character file.

57826 Tolias the Severer (level 14, -20/125 HPs)
             Began as a Hill Orc Artificer on Mar 16, 2015.
             Was a High Priest of Zin.
             Killed from afar by a fire giant (64 damage)
             ... with a fireball
             ... on level 1 of the Depths.
             The game lasted 01:03:39 (24629 turns).

Tolias the Severer (Hill Orc Artificer)            Turns: 24629, Time: 01:03:39

Health: -20/125    AC: 21    Str: 20    XL:     14   Next: 87%
Magic:  29/29      EV:  9    Int: 14    God:    Zin [*****.]
Gold:   919        SH:  0    Dex: 18    Spells: 1 memorised, 11 levels left

rFire  . . .     SeeInvis .     a - +1 battleaxe
rCold  + . .     Clarity  .     d - +2 chain mail {rC+}
rNeg   + . .     SustAb   .     (no shield)
rPois  ∞         Gourm    .     y - +2 hat
rElec  .         Spirit   .     P - +0 cloak {rPois}
rCorr  .         Warding  +     (no gloves)
rMut   .         Stasis   .     l - +2 pair of boots
MR     +....                    n - amulet of warding
Stlth  ..........               (no ring)
                                (no ring)

@: vitalised, somewhat resistant to hostile enchantments, extremely unstealthy
A: breathe flames 1, dopey 1
a: Recite, Vitalisation, Imprison, Sanctuary, Renounce Religion, Breathe Fire


You were on level 1 of the Depths.
You worshipped Zin.
Zin was extremely pleased with you.
You were not hungry.

You visited 2 branches of the dungeon, and saw 16 of its levels.

You collected 1291 gold pieces.
You spent 270 gold pieces at shops.
You donated 102 gold pieces to Zin.

Inventory:

Hand weapons
 a - a +1 battleaxe (weapon)
 b - a +1 executioner's axe of venom
 U - the +5 quick blades "Gyre" and "Gimble" {pierce, Dex-3}
   (You found it on level 10 of the Dungeon)

   It inflicts extra damage upon your enemies.
   It affects your dexterity (-3).
Missiles
 i - 32 poisoned needles
 o - 5 javelins (quivered)
 B - 4 tomahawks
Armour
 d - a +2 chain mail of cold resistance (worn)
 l - a +2 pair of boots (worn)
 v - a +1 helmet
 y - a +2 hat (worn)
 E - a +0 plate armour
 L - the +1 cloak of Mnomyz {rElec rPois MR- Str+2 Stlth+}
   (You found it on level 8 of the Dungeon)

   It affects your strength (+2).
   It insulates you from electricity.
   It protects you from poison.
   It affects your resistance to hostile enchantments.
   It makes you more stealthy.
 P - a +0 cloak of poison resistance (worn)
Rods
 x - a +0 rod of the swarm (10/10) {!a}
   (You took it off a two-headed ogre on level 10 of the Dungeon)
 z - a +0 lightning rod (9/9)
   (You found it on level 12 of the Dungeon)
Jewellery
 f - an uncursed ring of teleportation
 n - an amulet of warding (around neck)
 q - an uncursed amulet of resist corrosion
Magical devices
 c - a wand of enslavement (8)
 h - a wand of slowing (23)
 A - a wand of invisibility (5)
 C - a wand of fire (1)
 Q - a wand of magic darts (19)
 S - a wand of lightning (5)
 T - a wand of cold (2)
Scrolls
 j - a scroll of enchant weapon
 H - 2 scrolls of magic mapping
 J - 4 scrolls of teleportation
 N - a scroll of blinking
 O - a scroll of remove curse
 W - a scroll of fog
Potions
 e - 5 potions of curing
 k - 4 potions of cancellation
 s - 2 potions of agility
 t - a potion of beneficial mutation {unknown}
 u - a potion of ambrosia {unknown}
 w - a potion of haste {unknown}
 D - a potion of might {unknown}
 F - 3 potions of restore abilities
 G - 2 potions of flight
 I - 2 potions of cure mutation
 K - 5 potions of brilliance
 V - a potion of lignification {unknown}
 Z - a potion of magic {unknown}
Books
 m - a book of Control

   Spells                             Type                      Level
   a - Control Teleport               Charms/Translocation         4
   b - Control Undead                 Necromancy                   4
   c - Enslavement                    Hexes                        4
   d - Metabolic Englaciation         Hexes/Ice                    5
   e - Mass Confusion                 Hexes                        6
Miscellaneous
 R - 2 phantom mirrors
Comestibles
 g - 16 bread rations
 r - a meat ration
 M - 3 beef jerkies


   Skills:
 - Level 11.7 Fighting
 - Level 1.0 Short Blades
 - Level 20.3 Axes
 - Level 11.4 Armour
 - Level 1.5 Dodging
 - Level 0.7 Stealth
 + Level 12.5 Invocations
 + Level 9.8 Evocations


You had 11 spell levels left.
You knew the following spells:

 Your Spells              Type           Power        Failure   Level  Hunger
v - Repel Missiles        Chrm/Air       #.....       100%        2    ###....


Dungeon Overview and Level Annotations

Branches:
Dungeon (15/15)            Temple (0/1) D:6            Lair (0/8) D:11
    Orc (0/4) D:12         Vaults (0/5) D:14         Depths (1/5) D:15

Altars:
Ashenzari
Gozag
Kikubaaqudgha
Ru
Sif Muna
Vehumet
Zin

Shops:
D:8 (   D:9 *   D:15 (

Annotations:
D:6 exclusion: downstairs
D:9 Gastronok
D:11 2 runed doors, exclusion: downstairs
D:12 exclusion: downstairs


Innate Abilities, Weirdness & Mutations

You can breathe flames.
You are dopey. (Int -2)


Message History

* * * LOW HITPOINT WARNING * * *
The fire giant burns you.
* * * LOW HITPOINT WARNING * * *
Drink which item? (? for menu, Esc to quit)
Okay, then.
Unknown command.
Drink which item? (? for menu, Esc to quit)
You feel much better.
You slash the fire giant!
The fire giant is severely wounded.
The fire giant hits you with a great sword of flaming!
* * * LOW HITPOINT WARNING * * *
The fire giant burns you.
* * * LOW HITPOINT WARNING * * *
Drink which item? (? for menu, Esc to quit)
You feel much better.
The fire giant gestures at you while chanting.
The fireball explodes!
The fireball engulfs you!
Ouch! That really hurt!
You die...

### ### ##.##
##.######...#
##....#....>(####
#.#..#.[.....C#<##
###Y#.###(..#...@÷.#
Y..........##......##
........#...#.......#
........##.........[#
.......###..........#
.......##...........#
.......# ###........#
.≈≈Z≈≈≈≈# #.........
≈≈≈≈≈≈≈≈≈.
...........


You could see a fire giant.

Vanquished Creatures
  A fire giant (D:15)
  A stone giant (Depths:1)
  4 vault guards (D:14)
  Nessos (D:12)
  Erica (D:14)
  A hydra (D:11)
  An ogre mage (D:14)
  6 centaur warriors
  5 tengu warriors
  Urug (D:12)
  4 skeletal warriors (D:13)
  A deep elf knight (Depths:1)
  2 unseen horrors
  An orc knight (D:15)
  Pikel (D:5)
  5 hill giants
  A griffon (D:15)
  5 ugly things
  3 wizards
  A wolf spider (D:15)
  9 cyclopes
  A manticore (D:15)
  A redback zombie (D:14)
  A kobold demonologist (D:13)
  A freezing wraith (D:15)
  A komodo dragon (D:15)
  4 two-headed ogres
  3 tengu conjurers
  An efreet (D:15)
  7 trolls
  10 slime creatures
  Grinder (D:5)
  13 ravens
  5 basilisks (D:11)
  A trapdoor spider (D:14)
  3 shadows
  3 deep elf magi
  7 yaks
  A spriggan (D:7)
  Eustachio (D:8)
  4 hungry ghosts
  7 hippogriffs
  4 vampire mosquitoes (D:15)
  2 hogs (shapeshifter)
  4 wyverns
  A mottled dragon (D:14)
  2 water moccasins (D:11)
  9 sky beasts
  A wasp (D:12)
  6 ice beasts
  4 phantoms
  10 orc warriors
  9 porcupines (D:11)
  A necrophage (D:10)
  5 ogres
  13 centaurs
  16 killer bees
  4 crocodiles
  Duvessa (D:8)
  2 big kobolds
  Blork the orc (D:5)
  2 brain worms
  12 giant frogs
  A gnoll sergeant (D:8)
  2 wyvern skeletons
  8 scorpions
  13 wights
  A goliath beetle (shapeshifter) (D:15)
  2 quasits
  Dowan (D:8)
  A giant frog zombie (D:12)
  2 goliath beetles
  3 centaur zombies
  3 jellies
  9 crimson imps
  6 centaur skeletons
  8 orc priests
  7 hounds
  12 orc wizards
  3 giant frog skeletons
  A gnoll shaman (D:6)
  3 iguanas
  15 worker ants
  2 killer bee zombies
  13 sheep
  2 hound skeletons
  4 mummies
  A worker ant zombie (D:8)
  Robin (D:2)
  12 gnolls
  18 adders
  4 river rats (D:11)
  5 shadow imps
  3 worms
  3 adder zombies
  8 giant geckos
  An ooze (D:3)
  56 orcs
  2 bat skeletons
  A bat zombie (D:6)
  15 goblins
  24 hobgoblins
  6 jackals
  16 kobolds
  3 quokkas
  2 ball pythons
  12 bats
  2 giant cockroaches
  A giant gecko skeleton (D:6)
  4 giant newts
  2 giant spores
  A jackal zombie (D:3)
  2 orc zombies (D:15)
  2 quokka zombies (D:5)
  15 rats
  16 ballistomycetes
  A fungus (D:3)
  A plant (D:11)
602 creatures vanquished.

Vanquished Creatures (collateral kills)
  A yak (D:14)
  A raven (D:13)
  A killer bee (D:7)
  A gnoll (D:2)
4 creatures vanquished.

Vanquished Creatures (others)
  A skeletal warrior (D:13)
  A deep elf mage (D:14)
  5 killer bees
  A crimson imp (D:5)
  A worker ant (D:14)
  A gnoll (D:4)
  A giant mite (D:5)
  A giant gecko (D:5)
  A bat (D:5)
  A giant cockroach (D:5)
  2 giant spores
  3 bushes (D:14)
  A butterfly (D:14)
  2 plants (D:11)
22 creatures vanquished.

Grand Total: 628 creatures vanquished

Notes
Turn   | Place    | Note
--------------------------------------------------------------
     0 | D:1      | Tolias, the Hill Orc Artificer, began the quest for the Orb.
     0 | D:1      | Reached XP level 1. HP: 16/16 MP: 1/1
   789 | D:2      | Reached XP level 2. HP: 23/23 MP: 3/3
   914 | D:1      | Reached skill level 4 in Evocations
   991 | D:2      | Reached XP level 3. HP: 28/28 MP: 5/5
  1281 | D:2      | Noticed Robin
  1289 | D:2      | Killed Robin
  1289 | D:2      | Reached skill level 5 in Evocations
  1289 | D:2      | Reached XP level 4. HP: 11/35 MP: 7/7
  2456 | D:3      | Reached skill level 6 in Evocations
  2456 | D:3      | Reached XP level 5. HP: 26/40 MP: 8/10
  2619 | D:3      | Gained mutation: You can breathe flames. [potion of mutation]
  2619 | D:3      | Gained mutation: You are dopey. (Int -2) [potion of mutation]
  2993 | D:3      | Noticed Crazy Yiuf
  2994 | D:3      | Noticed Crazy Yiuf
  2994 | D:3      | Crazy Yiuf changed into Crazy Yiuf the scorpion
  2998 | D:3      | Killed Crazy Yiuf the scorpion
  3150 | D:4      | Reached XP level 6. HP: 30/48 MP: 12/12
  3160 | D:4      | Reached skill level 7 in Evocations
  3776 | D:4      | Reached skill level 1 in Axes
  4183 | D:4      | Reached XP level 7. HP: 56/56 MP: 15/15
  4322 | D:5      | Entered Level 5 of the Dungeon
  4334 | D:5      | Reached skill level 5 in Axes
  4540 | D:5      | Noticed Edmund
  4558 | D:5      | Noticed Edmund
  4558 | D:5      | Edmund changed into Edmund the centaur
  4568 | D:5      | Killed Edmund the centaur
  4746 | D:5      | Noticed Grinder
  4758 | D:5      | Killed Grinder
  4758 | D:5      | Reached XP level 8. HP: 62/62 MP: 17/17
  4780 | D:5      | Noticed Pikel
  4817 | D:5      | Killed Pikel
  4817 | D:5      | Reached skill level 5 in Fighting
  4817 | D:5      | Reached skill level 9 in Axes
  5149 | D:5      | Noticed Blork the orc
  5156 | D:5      | Killed Blork the orc
  5420 | D:6      | Reached skill level 10 in Axes
  5455 | D:6      | Found a staircase to the Ecumenical Temple.
  5455 | D:6      | Found a deep blue altar of Sif Muna.
  5536 | D:6      | Reached XP level 9. HP: 78/78 MP: 18/18
  6832 | D:7      | Reached skill level 11 in Axes
  7241 | D:7      | Reached skill level 12 in Axes
  8123 | D:8      | Noticed a hill giant
  8189 | D:8      | Got a translucent leather armour
  8200 | D:8      | Identified the +2 leather armour of Vameub {rElec rC- MP+9 Int+3 Dex+2} (You found it on level 8 of the Dungeon)
  8301 | D:8      | Noticed Psyche
  8302 | D:8      | Noticed Psyche
  8302 | D:8      | Psyche changed into Psyche the giant frog
  8309 | D:8      | Killed Psyche the giant frog
  8309 | D:8      | Reached skill level 13 in Axes
  8312 | D:8      | Reached XP level 10. HP: 69/88 MP: 20/20
  8655 | D:8      | Found Waixauq's Antique Weapon Shop.
  8793 | D:8      | Reached skill level 1 in Armour
  9032 | D:8      | Noticed Eustachio
  9041 | D:8      | Killed Eustachio
  9157 | D:8      | Noticed Dowan
  9158 | D:8      | Noticed Duvessa
  9164 | D:8      | Killed Duvessa
  9164 | D:8      | Reached skill level 14 in Axes
  9175 | D:8      | Killed Dowan
  9191 | D:8      | Killed a hill giant
  9263 | D:8      | Noticed a centaur warrior
  9269 | D:8      | Killed a centaur warrior
  9269 | D:8      | Reached skill level 5 in Armour
  9384 | D:8      | Got an ancient cloak
  9404 | D:8      | Identified the +1 cloak of Mnomyz {rElec rPois MR- Str+2 Stlth+} (You found it on level 8 of the Dungeon)
  9868 | D:8      | Killed an unseen horror
  9868 | D:8      | Reached skill level 15 in Axes
  9868 | D:8      | Reached XP level 11. HP: 32/94 MP: 21/21
 10564 | D:9      | Found an opulent altar of Gozag.
 10576 | D:9      | Found Sulyera's General Store.
 10583 | D:9      | Bought a +2 scale mail of poison resistance for 270 gold pieces
 10707 | D:9      | Found a glowing silver altar of Zin.
 10707 | D:9      | Noticed an angel
 11010 | D:9      | Noticed Gastronok
 11158 | D:9      | Found a sacrificial altar of Ru.
 11170 | D:9      | Found an ancient bone altar of Kikubaaqudgha.
 11170 | D:9      | Found a shattered altar of Ashenzari.
 11174 | D:9      | Found a radiant altar of Vehumet.
 11330 | D:10     | Entered Level 10 of the Dungeon
 11344 | D:10     | Reached skill level 16 in Axes
 12140 | D:9      | Became a worshipper of Zin the Law-Giver
 12140 | D:9      | Acquired Zin's first power
 12242 | D:11     | Noticed a six-headed hydra
 12275 | D:11     | Acquired Zin's second power
 12316 | D:11     | Reached skill level 1 in Invocations
 12556 | D:11     | Found a staircase to the Lair.
 12775 | D:11     | Reached skill level 5 in Invocations
 12775 | D:11     | Reached XP level 12. HP: 94/103 MP: 22/22
 12783 | D:11     | Reached skill level 17 in Axes
 12818 | D:11     | Identified a scroll of acquirement
 12853 | D:11     | Killed a six-headed hydra
 12926 | D:11     | Found a large runed door.
 12926 | D:11     | Found a large runed door.
 12944 | D:11     | Found a large runed door.
 12944 | D:11     | Found a large runed door.
 13004 | D:11     | Identified a cursed +0 rod of the swarm (10/10) {!a} (You took it off a two-headed ogre on level 10 of the Dungeon)
 13240 | D:11     | Killed an unseen horror
 13575 | D:11     | Noticed a hill giant
 13578 | D:11     | Killed a hill giant
 13593 | D:11     | Acquired Zin's third power
 13944 | D:12     | Reached skill level 18 in Axes
 14159 | D:12     | Noticed Nessos
 14317 | D:12     | Found a staircase to the Orcish Mines.
 14378 | D:12     | Killed Nessos
 14647 | D:12     | Reached skill level 10 in Invocations
 14894 | D:12     | Noticed Urug
 14914 | D:12     | Killed Urug
 15168 | D:12     | Reached XP level 13. HP: 108/108 MP: 27/27
 15446 | D:12     | Reached skill level 19 in Axes
 16301 | D:13     | Acquired Zin's fourth power
 16942 | D:13     | Reached skill level 20 in Axes
 18119 | D:14     | Noticed Erica
 18982 | D:14     | Killed Erica
 19214 | D:14     | Noticed a vault guard
 19214 | D:14     | Noticed a vault guard
 19215 | D:14     | Noticed a vault guard
 19331 | D:14     | Killed a vault guard
 19470 | D:14     | Reached XP level 14. HP: 59/119 MP: 28/28
 19688 | D:14     | Learned a level 2 spell: Repel Missiles
 19699 | D:14     | Noticed a vault guard
 19713 | D:14     | Killed a vault guard
 19806 | D:14     | Reached skill level 10 in Fighting
 19806 | D:14     | Reached skill level 10 in Armour
 20111 | D:14     | Found a gate to the Vaults.
 20216 | D:14     | Killed a vault guard
 20369 | D:14     | Killed a vault guard
 20850 | D:15     | Entered Level 15 of the Dungeon
 20894 | D:15     | Found Totin's Antique Weapon Boutique.
 22456 | D:15     | Found a staircase to the Depths.
 22456 | D:15     | Noticed a fire giant
 23559 | D:15     | Killed a fire giant
 23694 | Depths:1 | Entered Level 1 of the Depths
 23715 | Depths:1 | Noticed a stone giant
 24098 | Depths:1 | Killed a stone giant
 24126 | Depths:1 | Noticed a fire giant
 24629 | Depths:1 | Killed from afar by a fire giant

Action                   |  1- 3 |  4- 6 |  7- 9 | 10-12 | 13-15 || total
-------------------------+-------+-------+-------+-------+-------++-------
Melee: Short sword       |    37 |       |       |       |       ||    37
       Dagger            |    42 |   200 |    38 |       |       ||   280
       Hand axe          |       |     5 |    43 |       |       ||    48
       War axe           |       |       |   220 |   328 |       ||   548
       Battleaxe         |       |       |       |   350 |   561 ||   911
Throw: Tomahawk          |       |       |     8 |     6 |       ||    14
       Javelin           |       |       |       |       |    16 ||    16
Invok: Vitalisation      |       |       |       |     2 |     3 ||     5
       Recite            |       |       |       |     3 |    17 ||    20
 Abil: Breathe Fire      |       |     2 |       |       |       ||     2
       Evoke Teleportati |       |       |       |     2 |     5 ||     7
Evoke: Wand              |     9 |    17 |    18 |     8 |    10 ||    62
       Rod               |       |       |       |       |     7 ||     7
  Use: Scroll            |       |     6 |    11 |    13 |     7 ||    37
       Potion            |       |     1 |       |     1 |     4 ||     6
 Stab: Sleeping          |       |     1 |     2 |       |       ||     3
       Invisible         |       |       |       |     7 |     4 ||    11
       Paralysed         |       |       |       |       |     4 ||     4
       Confused          |       |       |       |       |     1 ||     1
  Eat: Chunk             |     1 |    10 |    12 |    18 |     5 ||    46
       Royal jelly       |       |       |       |     2 |       ||     2
       Pizza             |       |       |       |     2 |     1 ||     3
       Meat ration       |       |       |       |       |     5 ||     5
       Bread ration      |       |       |       |       |     1 ||     1
